 Dungeon Crawl Stone Soup version 0.30-a0-122-g2a1322497e (webtiles) character file.

Game seed: 14779360399689274409

261 nono the Cutter (level 6, 0/58 HPs)
             Began as a Kobold Fighter on Sept 15, 2022.
             Was a Follower of Uskayaw.
             Succumbed to a killer bee's poison
             ... on level 5 of the Dungeon.
             The game lasted 00:11:57 (4960 turns).

nono the Cutter (Kobold Fighter)                    Turns: 4960, Time: 00:11:58

Health: 0/58       AC: 23    Str: 15    XL:     6   Next: 41%
Magic:  4/6        EV:  3    Int: 10    God:    Uskayaw [*.....]
Gold:   233        SH:  5    Dex: 14    Spells: 5/5 levels left

rFire   + . .      SeeInvis .    (weapon restricted)
rCold   + . .      Faith    .    c - +0 buckler
rNeg    . . .      Spirit   .    (body armour currently unavailable)
rPois   +          Reflect  .    (helmet currently unavailable)
rElec   +          Harm     .    (cloak currently unavailable)
rCorr   +          Rampage  .    (gloves currently unavailable)
Will    .....      NoTele   +    (boots currently unavailable)
Stlth   ++++......               (no amulet)
HPRegen 0.19/turn                f - ring of resist corrosion
MPRegen 0.10/turn                (no ring)

@: lethally poisoned (0 -> -7), tree-form, resistant
A: stationary, stasis, torment immunity, boosted hp, small, no large weapons,
nightstalker 3
a: Renounce Religion, Stomp


You were on level 5 of the Dungeon.
You worshipped Uskayaw.
Uskayaw was noncommittal.
You were a tree.
You visited 2 branches of the dungeon, and saw 6 of its levels.

You collected 233 gold pieces.

Inventory:

Hand Weapons
 a - a +0 rapier
 b - a +0 dagger
Armour
 c - a +0 buckler (worn)
 i - a +0 scale mail (melded)
 q - a +0 helmet (melded)
 u - a +0 pair of boots (melded)
Jewellery
 f - a ring of resist corrosion (left branch)
 l - a ring of poison resistance
Scrolls
 d - a scroll of enchant armour {unknown}
 e - a scroll of amnesia {unknown}
 g - a scroll of teleportation
 h - a scroll of torment {unknown}
 j - 2 scrolls of magic mapping {unknown}
 k - a scroll of immolation {unknown}
 m - a scroll of poison {unknown}
 p - a scroll of noise {unknown}
 r - a scroll of brand weapon {unknown}
 s - a scroll of enchant weapon {unknown}
 t - 4 scrolls of identify {unknown}
 v - a scroll of summoning {unknown}
Potions
 o - 2 potions of lignification


   Skills:
 + Level 4.5 Fighting
 + Level 4.7 Short Blades
 - Level 2.4 Armour
 + Level 3.2 Dodging
 + Level 3.9 Stealth
 - Level 2.4 Shields
 + Level 0.6 Invocations


You had 5 spell levels left.
You didn't know any spells.
Your spell library contained the following spells:

 Spells                   Type           Power      Damage    Failure   Level
 Stone Arrow              Conj/Erth      0%         3d7       86%         3
 Animate Armour           Summ/Erth      0%         N/A       99%         4
 Leda's Liquefaction      Hex/Erth       0%         N/A       99%         4
 Lee's Rapid Deconstruct  Erth           0%         3d5*      100%        5


Dungeon Overview and Level Annotations

Branches:
Dungeon (5/15)             Temple (1/1) D:4

Altars:
Ashenzari
Dithmenos
Elyvilon
Gozag
Hepliaklqana
Makhleb
Okawaru
Qazlal
Ru
Sif Muna
Uskayaw
Wu Jian
Xom
Yredelemnul
Zin
The Shining One


Innate Abilities, Weirdness & Mutations

You are a tree.
Your roots penetrate the ground, keeping you stationary.
You cannot be teleported.
You are immune to unholy pain and torment.
Your maximum health is greatly increased.
Your equipment is partially melded.
You are small and have problems with some larger weapons.
You are completely attuned to the shadows.


Message History

You feel sick. You block the killer bee's attack.
The killer bee stings you but does no damage.
You barely miss the killer bee.
The killer bee is heavily wounded.
You feel sick. You block the killer bee's attack. The killer bee stings you.
You are more poisoned.
The killer bee poisons you! The killer bee closely misses you.
You hit the killer bee.
The killer bee is severely wounded.
You feel very sick. The killer bee misses you. The killer bee stings you.
* * * LOW HITPOINT WARNING * * *
You are more poisoned.
The killer bee poisons you!
You feel protected.
* * * LOW HITPOINT WARNING * * *
You feel very sick.
The killer bee stings you but does no damage.
The killer bee barely misses you.
It was a potion of lignification.
You turn into a tree.
Your +0 helmet melds into your body.
Your +0 pair of boots melds into your body.
Your +0 scale mail melds into your body.
Your roots penetrate the ground.
* * * LOW HITPOINT WARNING * * *
You feel very sick.
The killer bee stings you but does no damage. x2
You are now empty-handed.
* * * LOW HITPOINT WARNING * * *
You feel sick.
Unknown command.
You closely miss the killer bee.
The killer bee is severely wounded.
* * * LOW HITPOINT WARNING * * *
You feel sick.
The killer bee stings you but does no damage. x2
Unknown command.
You hit the killer bee.
You kill the killer bee!
You die...

##....###.......###
#..... ###..#
###.......#####.###.
#######.###
#...###.......# ##
.~~~.~.~..#####.##
###....## #
......~y..~(~####
######
~~~~~..~~≈≈≈≈≈≈≈
~~~≈.~≈≈.~~≈≈≈#
....~....~..y####
...~..~.~..#y.♣.#
~.~~~.....#####.###
#####.##### ##..##
#.# ###.# #.# #.#
### ###


You could see 2 killer bees.

Vanquished Creatures
  A killer bee (D:5)
  2 howler monkeys (D:4)
  An iguana (D:4)
  3 gnolls (D:3)
  4 adders
  A shadow imp (D:5)
  An ufetubus (D:5)
  3 worms
  3 dart slugs
  7 orcs
  4 endoplasms
  3 giant cockroaches
  7 goblins
  2 hobgoblins (D:1)
  5 kobolds
  4 quokkas
  4 ball pythons
  7 bats
  A frilled lizard (D:3)
  4 rats
  A spectral kobold (D:1)
68 creatures vanquished.

Vanquished Creatures (others)
  19 plants (D:4)
19 creatures vanquished.

Grand Total: 87 creatures vanquished

Notes
Turn   | Place    | Note
-------+----------+-------------------------------------------
     0 | D:1      | nono the Kobold Fighter began the quest for the Orb.
     0 | D:1      | Reached XP level 1. HP: 14/14 MP: 1/1
   221 | D:1      | Found a faded altar of an unknown god.
   290 | D:1      | Reached XP level 2. HP: 6/19 MP: 2/2
   521 | D:1      | Reached skill level 1 in Stealth
   637 | D:1      | Reached skill level 1 in Dodging
  1209 | D:1      | Reached XP level 3. HP: 20/23 MP: 3/3
  1400 | D:2      | Got the Encyclopedia of Bedrock
  1798 | D:2      | Reached XP level 4. HP: 20/29 MP: 4/4
  2642 | D:3      | Found a hazy altar of Hepliaklqana.
  2642 | D:3      | Found a shadowy altar of Dithmenos.
  2642 | D:3      | Noticed a shadow
  2763 | D:3      | Reached XP level 5. HP: 22/33 MP: 5/5
  3377 | D:4      | Noticed an ogre
  3380 | D:4      | Reached XP level 6. HP: 7/39 MP: 6/6
  3793 | D:4      | Found a staircase to the Ecumenical Temple.
  3807 | Temple   | Entered the Ecumenical Temple
  4075 | Temple   | Became a worshipper of Uskayaw the Reveller
  4168 | D:4      | Reached * piety under Uskayaw
  4320 | D:4      | Reached ** piety under Uskayaw
  4672 | D:5      | Entered Level 5 of the Dungeon
  4787 | D:5      | Found an iron altar of Okawaru.
  4959 | D:5      | HP: 2/58 [poisoned by a killer bee]
  4960 | D:5      | Succumbed to a killer bee's poison

Illustrated notes

Levels and vault maps discovered:
D:1:      minmay_arrival_widening_spiral_wide, layout_basic,
          dreamdust_ecumenical_altar_drowned_temple
D:2:      layout_rooms
D:3:      layout_loops_ring, riverfiend_overflow_shadow_ancestor,
          serial_bayou_pond_b, minmay_between
D:4:      layout_basic, minmay_temple_entry_drinking_statues,
          serial_bayou_lake_a
D:5:      layout_layer_cave, mainiacjoe_overflow_boulevard,
          ebering_ghost_reflecting_pool, serial_rivers,
          chequers_serial_rivers_room_b, chequers_serial_rivers_large_a,
          chequers_serial_rivers_room_a, chequers_serial_rivers_small_3,
          chequers_serial_rivers_micro_b, chequers_serial_rivers_room_b,
          grunt_ministairs_2
Temple:   nicolae_temple_bog_church

Skill      XL: |  1  2  3  4  5 |
---------------+----------------+-----
Short Blades   | 3 4 |  4.7
Stealth        | 1 2 3 |  3.9
Dodging        | 1 2 3 |  3.2
Fighting       | 4 |  4.5
Armour         | |  2.4
Shields        | |  2.4
Invocations    | |  0.6

Action                   |  1- 3 |  4- 6 || total
-------------------------+-------+-------++-------
Melee: Rapier            |   106 |   206 ||   312
       Dagger            |     4 |       ||     4
       Unarmed           |       |     2 ||     2
Invok: Stomp             |       |     1 ||     1
  Use: Potion            |       |     8 ||     8
       Scroll            |       |     1 ||     1
 Stab: Sleeping          |     2 |     7 ||     9
Armor: Scale mail        |    36 |    55 ||    91
       Skin              |       |     4 ||     4
Dodge: Dodged            |    44 |    93 ||   137
Block: Buckler           |    36 |    43 ||    79

Table legend: (Time is in decaauts)
 A = Elapsed time spent in this place.
 B = Non-inter-level travel time spent in this place.
 C = Inter-level travel time spent in this place.
 D = Time resting spent in this place.
 E = Time spent auto-exploring this place.
 F = Levels seen in this place.
 G = Mean time per level.
                   A        B        C        D        E       F      G
               +--------+--------+--------+--------+--------+-----+--------+
         Total |   5055 |   4784 |    271 |    231 |   3795 |   6 |  842.5 |
       Dungeon |   4750 |   4498 |    252 |    231 |   3540 |   5 |  950.0 |
        Temple |    305 |    286 |     19 |      0 |    254 |   1 |  305.0 |
               +--------+--------+--------+--------+--------+-----+--------+

Top non-repeatable levels by time:
     D:1: 1344 daAuts
     D:4: 1213 daAuts
     D:3: 1154 daAuts
     D:2: 757 daAuts
  Temple: 305 daAuts
     D:5: 280 daAuts
